 Dungeon Crawl Stone Soup version 0.27.0-1-g7a089689b8 (webtiles) character file.

Game seed: 10911904087605685027

114 Crazydiamond the Insei (level 4, 0/28 HPs)
             Began as an Octopode Transmuter on Aug 16, 2021.
             Succumbed to an adder's poison
             ... on level 3 of the Dungeon.
             The game lasted 00:06:39 (4050 turns).

Crazydiamond the Insei (Octopode Transmuter)        Turns: 4050, Time: 00:06:39

Health: 0/28       AC:  1    Str: 12    XL:     4   Next: 97%
Magic:  8/9        EV: 13    Int: 13    God:
Gold:   93         SH:  0    Dex: 12    Spells: 4/9 levels left

rFire    . . .     SeeInvis .     - Unarmed
rCold    . . .     Faith    .   (no shield)
rNeg     . . .     Spirit   .   (helmet currently unavailable)
rPois    .         Reflect  .   (no amulet)
rElec    .         Harm     .   (no ring)
rCorr    .         Rampage  .   (no ring)
Will     .....                  (no ring)
Stlth    ++........             (no ring)
HPRegen  0.09/turn              (no ring)
MPRegen  0.11/turn              (no ring)
                                (no ring)
                                (no ring)

@: lethally poisoned (0 -> -11), appendages
A: tentacle spike 3, almost no armour, amphibious, 8 rings, camouflage 1,
gelatinous body 1, (nimble swimmer 1), tentacles, deterioration 1, dopey 1,
strong 1, evolution 1
a: End Transformation


You were on level 3 of the Dungeon.
One of your tentacles had grown a beastly spike.
You visited 1 branch of the dungeon, and saw 3 of its levels.

You collected 93 gold pieces.

Inventory:

Wands
 j - a wand of flame (16)
Scrolls
 a - a scroll of enchant armour {unknown}
 c - 2 scrolls of fear
 g - a scroll of magic mapping {unknown}
 h - a scroll of blinking {unknown}
 i - a scroll of identify {unknown}
Potions
 d - a potion of curing {unknown}
 e - a potion of degeneration {unknown}
 f - a potion of might {unknown}


   Skills:
 + Level 1.2 Fighting
 + Level 2.2 Dodging
 - Level 0.5 Stealth
 + Level 3.9 Unarmed Combat
 + Level 3.3 Spellcasting
 + Level 2.4 Transmutations


You had 4 spell levels left.
You knew the following spells:

 Your Spells              Type           Power      Damage    Failure   Level
a - Beastly Appendage     Tmut           16%        N/A       9%          1
b - Wereblood             Tmut           8%         N/A       12%         2
c - Passwall              Tmut/Erth      4%         N/A       21%         2

Your spell library contained the following spells:

 Spells                   Type           Power      Damage    Failure   Level
 Spider Form              Tmut/Pois      2%         N/A       38%         3
 Swiftness                Air            2%         N/A       54%         3
 Ice Form                 Ice/Tmut       5%         N/A       80%         4
 Invisibility             Hex            1%         N/A       100%        6


Dungeon Overview and Level Annotations

Branches:
Dungeon (3/15)

Altars:


Innate Abilities, Weirdness & Mutations

One of your tentacles has grown a beastly spike.
You cannot wear most types of armour.
You are amphibious.
You can wear up to eight rings at the same time.
Your skin changes colour to match your surroundings (Stealth+).
Your rubbery body absorbs attacks. (AC +1, EV +1)
((You are camouflaged near water. (Stealth+)))
You have tentacles for arms and can constrict up to eight enemies at once.
Your body sometimes deteriorates upon taking damage.
You are dopey. (Int -2)
Your muscles are strong. (Str +2)
You evolve.


Message History

The adder hisses angrily.
The adder bites you.
You are poisoned.
The adder poisons you!
You closely miss the adder. Your grab misses the adder.
Your tentacle spike misses the adder.
Your squeeze misses the adder.
You feel sick. The adder bites you.
You are more poisoned.
The adder poisons you!
You miss the adder. Your grab misses the adder. Your squeeze misses the adder.
You feel sick. The adder barely misses you.
You tentacle-slap the adder. You grab the adder.
Your tentacle spike misses the adder.
The adder is lightly wounded.
You constrict the adder.
You feel sick. The adder bites you.
You are more poisoned.
The adder poisons you!
You tentacle-slap the adder but do no damage.
The adder is moderately wounded.
You constrict the adder.
You feel very sick. The adder bites you.
You are lethally poisoned!
The adder poisons you!
You tentacle-slap the adder.
The adder is severely wounded.
You constrict the adder.
You feel very sick. The adder bites you.
* * * LOW HITPOINT WARNING * * *
The adder closely misses you.
You barely miss the adder. You squeeze the adder.
You kill the adder!
* * * LOW HITPOINT WARNING * * *
You feel very sick.
It was a potion of mutation.
You feel extremely strange.
You feel yourself wasting away.
You feel stupid.
You feel nature experimenting on you.
Don't worry, failures die fast.
You feel stronger.
You die...

###### #....#
#....# .. #....#
... #....####...
#...........
+..†........
...#..@........
..........###..
#..######.# #
#......###.. #
#.##..........
#.#..#.<#.......###
#..................
#..#.###...........
# # #........###


There were no monsters in sight!

Vanquished Creatures
  2 gnolls (D:2)
  4 adders
  2 worms (D:1)
  A dart slug (D:1)
  6 endoplasms
  5 giant cockroaches (D:1)
  2 goblins
  3 hobgoblins
  2 jackals (D:1)
  7 kobolds
  2 ball pythons (D:1)
  3 bats
  5 frilled lizards
  7 rats
51 creatures vanquished.

Notes
Turn   | Place    | Note
-------+----------+-------------------------------------------
     0 | D:1      | Crazydiamond the Octopode Transmuter began the quest for
                  | the Orb.
     0 | D:1      | Reached XP level 1. HP: 13/13 MP: 3/3
     3 | D:1      | Found a runed translucent door.
   306 | D:1      | Reached XP level 2. HP: 11/18 MP: 3/5
  1178 | D:1      | Learned a level 2 spell: Wereblood
  1386 | D:1      | Found a faded altar of an unknown god.
  1446 | D:1      | Learned a level 2 spell: Passwall
  1524 | D:1      | Reached XP level 3. HP: 23/23 MP: 4/6
  2718 | D:2      | Reached XP level 4. HP: 18/28 MP: 5/8
  4050 | D:3      | Gained mutation: Your body sometimes deteriorates upon
                  | taking damage. [potion of mutation]
  4050 | D:3      | Gained mutation: You are dopey. (Int -2) [potion of
                  | mutation]
  4050 | D:3      | Gained mutation: You evolve. [potion of mutation]
  4050 | D:3      | Gained mutation: Your muscles are strong. (Str +2) [potion
                  | of mutation]
  4050 | D:3      | Succumbed to an adder's poison

Illustrated notes

Levels and vault maps discovered:
D:1:      dpeg_arrival_caged_fury, layout_basic, basic_ecumenical_altar
D:2:      layout_basic
D:3:      minmay_wonky_spiral, layout_basic

Skill      XL: |  1  2  3  4 |
---------------+-------------+-----
Spellcasting   | 3 |  3.3
Fighting       | |  1.2
Dodging        | |  2.2
Stealth        | |  0.5
Unarmed Combat | |  3.9
Transmutations | |  2.4

Action                   |  1- 3 |  4- 6 || total
-------------------------+-------+-------++-------
Melee: Unarmed           |   105 |    45 ||   150
       Constrict         |    28 |     7 ||    35
       Kick              |    14 |    10 ||    24
       Tentacles         |    14 |     5 ||    19
 Cast: Beastly Appendage |    18 |     6 ||    24
       Wereblood         |     1 |       ||     1
       Passwall          |     1 |       ||     1
  Use: Scroll            |       |     1 ||     1
       Potion            |       |     1 ||     1
 Stab: Sleeping          |     2 |     4 ||     6
Armor: Skin              |     8 |     8 ||    16
Dodge: Dodged            |    51 |    22 ||    73
